 Dungeon Crawl Stone Soup version 0.25-a0-1007-g10a8c3caa8 (webtiles) character file.

Game seed: 6861390431945925334, levelgen mode: deterministic

1980 kae the Cleaver (level 9, 0/82 HPs)
             Began as a Hill Orc Fighter on May 11, 2020.
             Was a Follower of Qazlal.
             Slain by a hornet (11 damage)
             ... while paralysed by a hornet
             ... on level 7 of the Dungeon.
             The game lasted 00:06:31 (7174 turns).

kae the Cleaver (Hill Orc Fighter)                  Turns: 7174, Time: 00:06:32

Health: 0/82       AC: 13    Str: 22    XL:     9   Next: 20%
Magic:  12/12      EV:  2    Int:  8    God:    Qazlal [*.....]
Gold:   208        SH:  0    Dex: 10    Spells: 8/8 levels left

rFire    . . .     SeeInvis .   a - +1 war axe
rCold    . . .     Gourm    .   c - +0 kite shield
rNeg     . . .     Faith    .   m - +0 plate armour
rPois    .         Spirit   .   (no helmet)
rElec    .         Reflect  .   (no cloak)
rCorr    .         Harm     .   g - +1 pair of gloves
MR       .....                  (no boots)
Stlth    ..........             (no amulet)
HPRegen  0.23/turn              s - ring of wizardry
MPRegen  0.13/turn              (no ring)

@: paralysed, lethally poisoned (0 -> -12), slowed, lightly drained
A: no striking features
a: Renounce Religion


You were on level 7 of the Dungeon.
You worshipped Qazlal.
Qazlal was aware of your devotion.
You were not hungry.

You visited 2 branches of the dungeon, and saw 8 of its levels.
You also visited: Sewer.

You collected 208 gold pieces.

Inventory:

Hand Weapons
 a - a +1 war axe (weapon)
Armour
 c - a +0 kite shield (worn)
 g - a +1 pair of gloves (worn)
 m - a +0 plate armour (worn)
Jewellery
 d - an uncursed ring of positive energy {unknown}
 s - a ring of wizardry (left hand)
 w - an uncursed amulet of rage
 y - an uncursed ring of wizardry
Wands
 q - a wand of iceblast (7)
 u - a wand of polymorph (6)
Scrolls
 b - 4 scrolls of teleportation
 i - 2 scrolls of fear
 t - a scroll of noise {unknown}
Potions
 e - 4 potions of curing
 h - a potion of ambrosia
 j - 4 potions of heal wounds
 k - 3 potions of lignification {unknown}
 l - a potion of haste {unknown}
 n - a potion of brilliance {unknown}
 o - 4 potions of flight {unknown}
 p - a potion of degeneration {unknown}
 r - a potion of stabbing {unknown}
Comestibles
 f - 7 rations
 x - 2 chunks of flesh


   Skills:
 + Level 8.4(7.9) Fighting
 * Level 11.7(11.2) Axes
 - Level 3.2(2.8) Armour
 - Level 3.2(2.8) Shields
 + Level 5.3(4.8) Invocations


You had 8 spell levels left.
You didn't know any spells.
Your spell library contained the following spells:

 Spells                   Type           Power        Failure   Level  Hunger
 Magic Dart               Conj           #...         100%        1    ##.....
 Blink                    Tloc           N/A          100%        2    ###....
 Call Imp                 Summ           #.......     100%        2    ###....
 Slow                     Hex            #.......     100%        2    ###....
 Conjure Flame            Conj/Fire      #.......     100%        3    ####...
 Mephitic Cloud           Conj/Pois/Air  #.......     100%        3    ####...


Dungeon Overview and Level Annotations

Branches:
Dungeon (7/15)             Temple (1/1) D:4           Sewer (visited)

Altars:
Ashenzari
Cheibriados
Dithmenos
Elyvilon
Fedhas
Gozag
Hepliaklqana
Kikubaaqudgha
Makhleb
Nemelex Xobeh
Okawaru
Qazlal
Ru
Sif Muna
Trog
Uskayaw
Vehumet
Wu Jian
Xom
Zin


Message History

You feel very sick. The hornet barely misses you.
You block the worker ant's attack. The worker ant barely misses you.
The hornet stings you!
You feel as though you will be slow longer.
Your shield prevents you from hitting the hornet.
The hornet is severely wounded.
You hit the worker ant.
You feel very sick.
The hornet stings you but does no damage.
You block the worker ant's attack. The hornet completely misses you.
The worker ant bites you.
* * * LOW HITPOINT WARNING * * *
You block the hornet's attack.
The worker ant bites you but does no damage.
You miss the hornet.
The hornet is severely wounded.
You closely miss the worker ant.
You feel sick. The hornet stings you!
* * * LOW HITPOINT WARNING * * *
You suddenly lose the ability to move!
The hornet stings you!
You die...

...... #. .##.....
... ... ........
...## ...####
##...§.. .....
#..... ....§§§.
##....
.....#####.§.§§
......###
#.........§§§
#.:a.##
#..........§§
#y@.###.........§§§
##...##......[..§§§
#................##
#.........########
#.........#
###########


You could see a hornet and a worker ant.

Vanquished Creatures
  Grinder (D:6)
  Eustachio (D:6)
  An orc warrior (D:6)
  A sky beast (D:6)
  2 ice beasts
  2 ogres (D:4)
  A bullfrog (D:6)
  A big kobold (Sewer)
  3 crimson imps
  A bullfrog skeleton (D:4)
  4 hounds
  3 orc priests
  A jelly (D:6)
  A centaur skeleton (D:6)
  A gnoll shaman (D:6)
  2 orc wizards
  Ijyb (D:5)
  3 worker ants
  A hound zombie (D:5)
  A hound skeleton (D:5)
  5 adders
  10 gnolls
  4 river rats
  2 shadow imps
  2 adder zombies
  4 worms
  2 dart slugs
  3 leopard geckos
  25 orcs
  8 bats
  7 giant cockroaches
  7 goblins
  3 hobgoblins
  14 jackals
  3 quokkas
  4 ball pythons
  4 frilled lizards
  A giant cockroach zombie (D:6)
  11 kobolds
  15 rats
166 creatures vanquished.

Notes
Turn   | Place    | Note
-------+----------+-------------------------------------------
     0 | D:1      | kae the Hill Orc Fighter began the quest for the Orb.
     0 | D:1      | Reached XP level 1. HP: 19/19 MP: 1/1
    72 | D:1      | Reached skill level 3 in Axes
    72 | D:1      | Reached XP level 2. HP: 3/27 MP: 2/2
    76 | D:1      | HP: 1/27 [giant cockroach (2)]
   533 | D:1      | Reached skill level 4 in Axes
   599 | D:1      | Reached XP level 3. HP: 33/33 MP: 3/3
  1314 | D:2      | Found a shattered altar of Ashenzari.
  1744 | D:2      | Reached XP level 4. HP: 41/41 MP: 4/4
  1924 | D:2      | Found a burning altar of Makhleb.
  1926 | D:2      | Found a glowing silver altar of Zin.
  1926 | D:2      | Noticed an angel
  1926 | D:2      | Noticed a blizzard demon
  2225 | D:3      | Found a sacrificial altar of Ru.
  2300 | D:3      | Reached skill level 5 in Axes
  2340 | D:3      | Reached XP level 5. HP: 13/47 MP: 5/5
  2488 | D:3      | Reached skill level 5 in Fighting
  2488 | D:3      | Reached skill level 6 in Axes
  2692 | D:3      | Found a glowing drain.
  2701 | Sewer    | Entered a sewer
  2841 | Sewer    | Noticed a big kobold
  2858 | Sewer    | Killed a big kobold
  2858 | Sewer    | Reached skill level 7 in Axes
  2858 | Sewer    | Reached XP level 6. HP: 49/56 MP: 6/6
  2926 | Sewer    | Found a white marble altar of Elyvilon.
  3709 | D:4      | Found a bloodstained altar of Trog.
  3714 | D:4      | Reached skill level 8 in Axes
  3714 | D:4      | Reached XP level 7. HP: 16/63 MP: 7/7
  4364 | D:4      | Found a staircase to the Ecumenical Temple.
  4388 | Temple   | Entered the Ecumenical Temple
  4645 | Temple   | Became a worshipper of Qazlal Stormbringer
  4686 | D:4      | Found a sparkling altar of Nemelex Xobeh.
  4688 | D:4      | Found a shimmering altar of Xom.
  4688 | D:4      | Found a bloodstained altar of Trog.
  4690 | D:4      | Found a shimmering altar of Xom.
  4690 | D:4      | Found a sparkling altar of Nemelex Xobeh.
  4690 | D:4      | Found a hazy altar of Hepliaklqana.
  4794 | D:4      | Reached skill level 9 in Axes
  5094 | D:5      | Entered Level 5 of the Dungeon
  5097 | D:5      | Noticed Ijyb
  5164 | D:4      | Reached skill level 1 in Invocations
  5182 | D:4      | Reached XP level 8. HP: 34/73 MP: 7/9
  5367 | D:5      | Killed Ijyb
  5503 | D:5      | Reached skill level 10 in Axes
  5837 | D:5      | Found a blossoming altar of Fedhas.
  6262 | D:6      | Reached * piety under Qazlal
  6321 | D:6      | Reached skill level 11 in Axes
  6410 | D:6      | Noticed Eustachio
  6451 | D:6      | Killed Eustachio
  6451 | D:6      | Reached XP level 9. HP: 74/81 MP: 12/12
  6555 | D:6      | Noticed Grinder
  6576 | D:6      | Paralysed by Grinder for 6 turns
  6592 | D:6      | Killed Grinder
  6592 | D:6      | Reached skill level 5 in Invocations
  6990 | D:6      | Found a sacrificial altar of Ru.
  7162 | D:7      | Noticed a hornet
  7174 | D:7      | Paralysed by a hornet for 2 turns
  7174 | D:7      | Slain by a hornet

Illustrated notes

Levels and vault maps discovered:
D:1:      lightli_arrival_quake, layout_rooms, serial_co_window_serial,
          co_window_corner_a, co_window_paths_b, co_window_paths_b,
          co_window_paths_a, co_window_of_opportunity_a, co_window_paths_a,
          co_window_corner_a, co_window_paths_a, co_window_of_opportunity_a,
          co_window_paths_c, co_window_cross_3, co_window_broadway_c,
          co_window_broadway_b, co_window_of_opportunity_b, co_window_corner_b,
          co_window_4corner_b, glass_columns_b
D:2:      layout_basic, grunt_temple_overflow_order_and_chaos_2, minivault_4,
          ashenzari_altar_1
D:3:      layout_loops_ring, lemuel_doored_altar, portal_sewer_entry_a,
          minmay_misc_feat_encased, kennysheep_cluttered_room
D:4:      layout_basic, kennysheep_little_box, doesnt_xom_only_xom,
          minmay_temple_entry_tees
D:5:      layout_rooms, kennysheep_mini_moat, first_ration, uniq_ijyb
D:6:      layout_rooms, nicolae_ru_path_of_blood, uniq_grinder, uniq_eustachio
D:7:      gammafunk_beogh_shrine, layout_rooms, yredelemnul_altar_generic,
          minmay_manual_mail
Temple:   minmay_temple_curvy_branch

Skill      XL: |  1  2  3  4  5  6  7  8  9 |
---------------+----------------------------+-----
Axes           | 3 4 5 7 8 9 11 | 11.7
Fighting       | 4 5 6 7 8 |  8.4
Invocations    | 1 4 5 |  5.3
Armour         | |  3.2
Shields        | |  3.2

Action                   |  1- 3 |  4- 6 |  7- 9 || total
-------------------------+-------+-------+-------++-------
Melee: War axe           |    88 |   222 |   256 ||   566
  Use: Scroll            |     1 |     7 |     3 ||    11
       Potion            |       |       |     1 ||     1
  Eat: Chunk             |     3 |     6 |    12 ||    21
Armor: Scale mail        |    34 |   101 |    14 ||   149
       Plate armour      |       |       |   152 ||   152
Dodge: Dodged            |    17 |    68 |    27 ||   112
Block: Kite shield       |    45 |   110 |   110 ||   265

Table legend:
 A = Non-vault XP
 B = Vault XP
 C = Vault XP percentage of total XP
 D = Non-vault monster count
 E = Vault monster count
 F = Vault count percentage of total count
                 A         B        C        D         E       F
            +---------+---------+-------+---------+---------+-------
      Total |    2150 |     679 |  24.0 |     144 |      22 |  13.3
            +---------+---------+-------+---------+---------+-------
        D:1 |      45 |       0 |   0.0 |      20 |       0 |   0.0
        D:2 |      37 |       0 |   0.0 |      16 |       0 |   0.0
        D:3 |     294 |      47 |  13.8 |      48 |       8 |  14.3
        D:4 |     701 |       0 |   0.0 |      22 |       0 |   0.0
        D:5 |     291 |      36 |  11.0 |       9 |       1 |  10.0
        D:6 |     769 |     475 |  38.2 |      28 |       2 |   6.7
        D:7 |      13 |       0 |   0.0 |       1 |       0 |   0.0
      Sewer |       0 |     121 | 100.0 |       0 |      11 | 100.0
            +---------+---------+-------+---------+---------+-------
